MLB
WASHINGTON NATIONALS @ ATLANTA BRAVES
03/04/2044
 
TOP OF THE 1ST
Washington Nationals batting - Pitching for Atlanta Braves : RHP Victor Torres
Pitching: RHP Victor Torres
Batting: SHB Andrew Wray II 0-0: Foul Ball, location: 2F
0-1: Ball
1-1: Foul Ball, location: 2F
1-2: Ground out U3 (Groundball, 3, EV 102.5 MPH)
Batting: RHB C.J. Beavers 0-0: Called Strike
0-1: Ball
1-1: Called Strike
1-2: Ball
2-2: Strikes out swinging
Batting: SHB Junzo Kato 0-0: Called Strike
0-1: Fly out, F8 (Flyball, 8LXD, EV 86.3 MPH)
Top of the 1st over - 0 runs, 0 hits, 0 errors, 0 left on base; Washington 0 - Atlanta 0
BOTTOM OF THE 1ST
Atlanta Braves batting - Pitching for Washington Nationals : RHP Danny Diaz
Pitching: RHP Danny Diaz
Batting: LHB Davey Schonewille 0-0: SINGLE (Line Drive, 56D, EV 94.4 MPH)
Batting: LHB Colin Worthington 0-0: Ball
1-0: Ball
2-0: Swinging Strike
2-1: Foul Ball, location: 2F
2-2: Strikes out swinging
Batting: SHB Ryan Doss 0-0: Called Strike
0-1: Ball
1-1: Swinging Strike
1-2: SINGLE (Flyball, 89S, EV 90.0 MPH)
Davey Schonewille to second
Runner from 2nd tries for 3rd, SAFE, throw by CF made to third
Batting: RHB Butch Kaiser 0-0: Called Strike
0-1: Ball
1-1: Ball
2-1: Fly out, F7 (Flyball, 78D, EV 96.3 MPH)
Runner from 3rd tags up, SCORES, throw by LF
Batting: RHB Kanehisa Kubo 0-0: Ball
1-0: Ball
2-0: Ball
3-0: Base on Balls
Ryan Doss to second
Batting: LHB Otte Klijnsma 0-0: Called Strike
0-1: Fielders Choice at 2nd, U4 (Groundball, 4M, EV 105.6 MPH)
Bottom of the 1st over - 1 run, 2 hits, 0 errors, 2 left on base; Washington 0 - Atlanta 1
TOP OF THE 2ND
Washington Nationals batting - Pitching for Atlanta Braves : RHP Victor Torres
Batting: LHB Armando Carbajal 0-0: Ball
1-0: Ball
2-0: Ground out 4-3 (Groundball, 4, EV 80.0 MPH)
Batting: LHB R.J. O'Brien 0-0: SOLO HOME RUN (Flyball, 78XD, EV 116.3 MPH), Distance : 449 ft
Batting: RHB Tommy Baird 0-0: Called Strike
0-1: SINGLE (Flyball, 9LS, EV 96.3 MPH)
Batting: RHB Mike Blair 0-0: Swinging Strike
0-1: Ball
1-1: Called Strike
Tommy Baird steals 2nd base
1-2: Foul Ball, location: 2F
1-2: Ball
2-2: Ball
3-2: Foul Ball, location: 2F
3-2: Fly out, F8 (Flyball, 8RD, EV 88.8 MPH)
Batting: RHB Masashi Yukizawa 0-0: Called Strike
0-1: Ball
1-1: Ball
2-1: Ball
3-1: Base on Balls
Batting: RHB Danny Gerardo 0-0: Foul Ball, location: 2F
0-1: Swinging Strike
0-2: Ball
1-2: Foul Ball, location: 2F
1-2: Ball
2-2: 3-RUN HOME RUN (Flyball, 7LD, EV 95.0 MPH), Distance : 376 ft
Batting: SHB Andrew Wray II 0-0: Fly out, F3 (Popup, 3F, EV 76.3 MPH)
Top of the 2nd over - 4 runs, 3 hits, 0 errors, 0 left on base; Washington 4 - Atlanta 1
BOTTOM OF THE 2ND
Atlanta Braves batting - Pitching for Washington Nationals : RHP Danny Diaz
Batting: RHB Joseph Kirchmann 0-0: Swinging Strike
0-1: Ball
1-1: Foul Ball, location: 2F
1-2: Foul Ball, location: 2F
1-2: Foul Ball, location: 2F
1-2: Ball
2-2: Ground out 6-3 (Groundball, 56D, EV 96.9 MPH)
Batting: RHB Tim Nettles 0-0: SINGLE (Line Drive, 56, EV 98.1 MPH)
Batting: RHB Zach Thomason 0-0: Ball
1-0: Foul Ball, location: 2F
1-1: Ball
Tim Nettles is caught stealing 2nd base 2-4
2-1: Ball
3-1: SINGLE (Groundball, 56D, EV 101.3 MPH)
Batting: LHB Davey Schonewille 0-0: Called Strike
0-1: Called Strike
0-2: Ground out 4-3 (Groundball, 4, EV 93.1 MPH)
Bottom of the 2nd over - 0 runs, 2 hits, 0 errors, 1 left on base; Washington 4 - Atlanta 1
TOP OF THE 3RD
Washington Nationals batting - Pitching for Atlanta Braves : RHP Victor Torres
Batting: RHB C.J. Beavers 0-0: SINGLE (Line Drive, 89S, EV 98.1 MPH)
Batting: SHB Junzo Kato 0-0: Ball
1-0: Ball
2-0: Foul Ball, location: 2F
2-1: Grounds into double play, 6-4-3 (Groundball, 6, EV 77.5 MPH)
Batting: LHB Armando Carbajal 0-0: Ball
1-0: Ball
2-0: Single, Error in OF, E9, batter to second base (Groundball, 34D, EV 95.6 MPH)
Batting: LHB R.J. O'Brien 0-0: Called Strike
0-1: Ball
1-1: Called Strike
1-2: Ground out 2-3 (Groundball, 2R, EV 73.1 MPH)
Top of the 3rd over - 0 runs, 2 hits, 1 error, 1 left on base; Washington 4 - Atlanta 1
BOTTOM OF THE 3RD
Atlanta Braves batting - Pitching for Washington Nationals : RHP Danny Diaz
Batting: LHB Colin Worthington 0-0: Foul Ball, location: 2F
0-1: Foul Ball, location: 2F
0-2: Ball
1-2: DOUBLE (Line Drive, 78D, EV 106.9 MPH)
Batting: SHB Ryan Doss 0-0: Ball
1-0: Called Strike
1-1: Ground out U3 (Groundball, 23, EV 85.0 MPH)
Colin Worthington to third
Batting: RHB Butch Kaiser 0-0: Ball
1-0: Called Strike
1-1: DOUBLE (Groundball, 5L, EV 102.5 MPH)
Colin Worthington scores
Batting: RHB Kanehisa Kubo 0-0: Called Strike
0-1: Fly out, F7 (Flyball, 7S, EV 95.0 MPH)
Batting: LHB Otte Klijnsma 0-0: Swinging Strike
0-1: Ball
1-1: Called Strike
1-2: Ball
2-2: Foul Ball, location: 2F
2-2: Ball
3-2: Base on Balls
Batting: RHB Joseph Kirchmann 0-0: Ball
1-0: Foul Ball, location: 2F
1-1: Ball
2-1: Called Strike
2-2: Fly out, F8 (Flyball, 89D, EV 105.6 MPH)
Bottom of the 3rd over - 1 run, 2 hits, 0 errors, 2 left on base; Washington 4 - Atlanta 2
TOP OF THE 4TH
Washington Nationals batting - Pitching for Atlanta Braves : RHP Victor Torres
Batting: RHB Tommy Baird 0-0: Foul Ball, location: 2F
0-1: Ball
1-1: Swinging Strike
1-2: Ball
2-2: Ground out 5-3 (Groundball, 56, EV 90.0 MPH)
Batting: RHB Mike Blair 0-0: Called Strike
0-1: Swinging Strike
0-2: Fly out, F6 (Popup, 6MD, EV 72.5 MPH)
Batting: RHB Masashi Yukizawa 0-0: Called Strike
0-1: Ball
1-1: Ball
2-1: Swinging Strike
2-2: Ground out 3-1 (Groundball, 34, EV 81.9 MPH)
Top of the 4th over - 0 runs, 0 hits, 0 errors, 0 left on base; Washington 4 - Atlanta 2
BOTTOM OF THE 4TH
Atlanta Braves batting - Pitching for Washington Nationals : RHP Danny Diaz
Batting: RHB Tim Nettles 0-0: Foul Ball, location: 2F
0-1: Foul Ball, location: 2F
0-2: Foul Ball, location: 2F
0-2: Foul Ball, location: 2F
0-2: Ball
1-2: Strikes out swinging
Batting: RHB Zach Thomason 0-0: Ball
1-0: Called Strike
1-1: Called Strike
1-2: Foul Ball, location: 2F
1-2: Strikes out swinging
Batting: LHB Davey Schonewille 0-0: Ball
1-0: Ball
2-0: SINGLE (Groundball, 6S, EV 71.3 MPH) (infield hit)
Batting: LHB Colin Worthington 0-0: Ball
1-0: Called Strike
1-1: Called Strike
1-2: Strikes out swinging
Bottom of the 4th over - 0 runs, 1 hit, 0 errors, 1 left on base; Washington 4 - Atlanta 2
TOP OF THE 5TH
Washington Nationals batting - Pitching for Atlanta Braves : RHP Victor Torres
Pitching: RHP Chris Bedard
Batting: RHB Danny Gerardo 0-0: Ball
1-0: SINGLE (Groundball, 56D, EV 106.3 MPH)
Batting: SHB Andrew Wray II 0-0: Ball
1-0: Foul Ball, location: 2F
1-1: Ball
2-1: Foul Ball, location: 2F
2-2: Strikes out swinging
Batting: RHB C.J. Beavers 0-0: Called Strike
0-1: Ball
1-1: Ball
2-1: Swinging Strike
2-2: Ball
3-2: Foul Ball, location: 2F
3-2: Foul Ball, location: 2F
3-2: Foul Ball, location: 2F
3-2: Foul Ball, location: 2F
3-2: SINGLE (Line Drive, 7LS, EV 98.1 MPH)
Danny Gerardo to second
Batting: SHB Junzo Kato 0-0: Called Strike
0-1: Foul Ball, location: 2F
0-2: Ball
1-2: Ball
2-2: Ball
3-2: Foul Ball, location: 2F
3-2: Strikes out swinging
Batting: LHB Armando Carbajal 0-0: Called Strike
0-1: Fly out, F9 (Line Drive, 9, EV 91.3 MPH)
Top of the 5th over - 0 runs, 2 hits, 0 errors, 2 left on base; Washington 4 - Atlanta 2
BOTTOM OF THE 5TH
Atlanta Braves batting - Pitching for Washington Nationals : RHP Danny Diaz
Pitching: LHP Brian Walters
Batting: SHB Ryan Doss 0-0: Called Strike
0-1: Ball
1-1: Foul Ball, location: 2F
1-2: Ground out 5-3 (Groundball, 56, EV 100.6 MPH)
Batting: RHB Butch Kaiser 0-0: Foul Ball, location: 2F
0-1: Ball
1-1: Ground out U3 (Groundball, 34, EV 78.8 MPH)
Batting: RHB Kanehisa Kubo 0-0: Called Strike
0-1: Foul Ball, location: 2F
0-2: Ball
1-2: Ball
2-2: Strikes out looking
Bottom of the 5th over - 0 runs, 0 hits, 0 errors, 0 left on base; Washington 4 - Atlanta 2
TOP OF THE 6TH
Washington Nationals batting - Pitching for Atlanta Braves : RHP Chris Bedard
Batting: LHB R.J. O'Brien 0-0: Called Strike
0-1: SOLO HOME RUN (Flyball, 9D, EV 95.0 MPH), Distance : 362 ft
Batting: RHB Tommy Baird 0-0: Called Strike
0-1: Foul Ball, location: 2F
0-2: Ball
1-2: Ball
2-2: Strikes out swinging
Batting: RHB Mike Blair 0-0: Foul Ball, location: 2F
0-1: Fly out, F8 (Flyball, 8RD, EV 102.5 MPH)
Batting: RHB Masashi Yukizawa 0-0: Called Strike
0-1: Foul Ball, location: 2F
0-2: Ball
1-2: Ball
2-2: Foul Ball, location: 2F
2-2: Foul Ball, location: 2F
2-2: Strikes out swinging
Top of the 6th over - 1 run, 1 hit, 0 errors, 0 left on base; Washington 5 - Atlanta 2
BOTTOM OF THE 6TH
Atlanta Braves batting - Pitching for Washington Nationals : LHP Brian Walters
Batting: LHB Otte Klijnsma 0-0: Ball
1-0: Ball
2-0: SINGLE (Groundball, 34D, EV 100.0 MPH)
Batting: RHB Joseph Kirchmann 0-0: Ball
1-0: Foul Ball, location: 2F
1-1: Swinging Strike
1-2: Strikes out swinging
Batting: RHB Tim Nettles 0-0: Called Strike
0-1: Ball
1-1: Foul Ball, location: 2F
1-2: Ball
2-2: Strikes out swinging
Batting: RHB Zach Thomason 0-0: Ball
1-0: Foul Ball, location: 2F
1-1: Ball
2-1: Ground out 5-3 (Groundball, 56, EV 104.4 MPH)
Bottom of the 6th over - 0 runs, 1 hit, 0 errors, 1 left on base; Washington 5 - Atlanta 2
TOP OF THE 7TH
Washington Nationals batting - Pitching for Atlanta Braves : RHP Chris Bedard
Pitching: RHP Charles Hewson
Batting: RHB Danny Gerardo 0-0: Foul Ball, location: 2F
0-1: Ball
1-1: Swinging Strike
1-2: Foul Ball, location: 2F
1-2: Ball
2-2: Foul Ball, location: 2F
2-2: Strikes out swinging
Pinch Hitting: RHB Luis Ramos 0-0: Ground out 6-3 (Groundball, 56, EV 91.9 MPH)
Pinch Hitting: RHB Jared Speck 0-0: Ball
1-0: Ground out 6-3 (Groundball, 6S, EV 86.9 MPH)
Top of the 7th over - 0 runs, 0 hits, 0 errors, 0 left on base; Washington 5 - Atlanta 2
BOTTOM OF THE 7TH
Atlanta Braves batting - Pitching for Washington Nationals : LHP Brian Walters
Pitching: LHP Keith Pratt
Now in LF: Luis Ramos
Now in CF: Tommy Baird
Now in RF: Jared Speck
Pinch Hitting: RHB Liangde Li 0-0: Ball
1-0: Ball
2-0: Swinging Strike
2-1: Foul Ball, location: 2F
2-2: Ball
3-2: Base on Balls
Pinch Hitting: LHB Tom Best 0-0: Called Strike
0-1: Called Strike
0-2: Foul Ball, location: 2F
0-2: Ball
1-2: DOUBLE (Line Drive, 8RXD, EV 105.6 MPH)
Liangde Li to third
Pinch Hitting: RHB Itsuo Egami 0-0: Ball
1-0: Ball
2-0: Called Strike
2-1: Fly out, F8 (Flyball, 78D, EV 92.5 MPH)
Runner from 3rd tags up, SCORES, throw by CF
Pinch Hitting: SHB Brian Bagley 0-0: Swinging Strike
0-1: SINGLE (Groundball, 56, EV 96.9 MPH)
Tom Best to third
Batting: RHB Kanehisa Kubo 0-0: Ball
1-0: Foul Ball, location: 2F
1-1: Foul Ball, location: 2F
1-2: SINGLE (Line Drive, 4D, EV 94.4 MPH)
Tom Best scores
Brian Bagley to second
Runner from 2nd tries for 3rd, SAFE, throw by CF made to third
Batting: RHB Jeckel Hester 0-0: Ball
Kanehisa Kubo is caught stealing 2nd base 2-4
1-0: Ball
2-0: Called Strike
2-1: SINGLE (Line Drive, 34, EV 107.5 MPH)
Brian Bagley scores
Pitching: RHP Manuel Romero
Batting: RHB Joseph Kirchmann 0-0: Ball
Jeckel Hester steals 2nd base (no throw)
1-0: Foul Ball, location: 2F
1-1: Called Strike
1-2: Foul Ball, location: 2F
1-2: Strikes out looking
Bottom of the 7th over - 3 runs, 4 hits, 0 errors, 1 left on base; Washington 5 - Atlanta 5
TOP OF THE 8TH
Washington Nationals batting - Pitching for Atlanta Braves : RHP Charles Hewson
Now at 1B: Brian Bagley
Now at SS: Itsuo Egami
Now in LF: Tom Best
Now in CF: Liangde Li
Now in RF: Joseph Kirchmann
Pinch Hitting: RHB Dan Fallon 0-0: Ball
1-0: Ball
2-0: Hit by Pitch
Pinch Hitting: LHB Yasahiko Teshima 0-0: Fielders Choice at 2nd, 4-6 (Groundball, 4, EV 106.3 MPH)
Batting: RHB John Sanders 0-0: DOUBLE (Line Drive, 9LM, EV 109.4 MPH)
Yasahiko Teshima to third
Runner from 3rd tries for Home, SAFE, throw by RF to trailing runner, SAFE at third!
Pinch Hitting: LHB Sidney Pedder 0-0: Ball
1-0: Ball
2-0: Foul Ball, location: 2F
2-1: Ball
3-1: SINGLE (Groundball, 4, EV 96.9 MPH)
John Sanders scores
Batting: RHB Mike Blair 0-0: Ball
1-0: Ball
2-0: Called Strike
Sidney Pedder steals 2nd base (no throw)
2-1: Intentional Walk
Pinch Hitting: RHB Donovan Auclair 0-0: Ball
1-0: Ball
2-0: Ball
3-0: Base on Balls
Sidney Pedder to third
Mike Blair to second
Batting: RHB Danny Gerardo 0-0: Ball
1-0: Called Strike
1-1: Called Strike
1-2: Foul Ball, location: 2F
1-2: Strikes out looking
Pitching: RHP Danny Nerio
Batting: RHB Luis Ramos 0-0: Swinging Strike
0-1: Ball
1-1: Foul Ball, location: 2F
1-2: Strikes out swinging
Top of the 8th over - 2 runs, 2 hits, 0 errors, 3 left on base; Washington 7 - Atlanta 5
BOTTOM OF THE 8TH
Atlanta Braves batting - Pitching for Washington Nationals : RHP Manuel Romero
Now at 1B: Yasahiko Teshima
Now at 2B: Sidney Pedder
Now at 3B: Dan Fallon
Now in LF: Jared Speck
Now in CF: Luis Ramos
Now in RF: Dillon Gonzalez
Pinch Hitting: LHB Seth Cook 0-0: Ball
1-0: Ball
2-0: Called Strike
2-1: Foul Ball, location: 2F
2-2: Fly out, F7 (Flyball, 7D, EV 90.0 MPH)
Batting: RHB Zach Thomason 0-0: Fly out, F8 (Flyball, 8RXD, EV 88.8 MPH)
Batting: RHB Liangde Li 0-0: Called Strike
0-1: Ball
1-1: Called Strike
1-2: Ball
2-2: Ball
3-2: Base on Balls
Batting: LHB Tom Best 0-0: Ball
1-0: Called Strike
1-1: Fielders Choice at 2nd, 6-4 (Groundball, 4M, EV 79.4 MPH)
Bottom of the 8th over - 0 runs, 0 hits, 0 errors, 1 left on base; Washington 7 - Atlanta 5
TOP OF THE 9TH
Washington Nationals batting - Pitching for Atlanta Braves : RHP Danny Nerio
Pitching: LHP Mario Jimenez
Now at 2B: Seth Cook
Batting: RHB Jared Speck 0-0: Foul Ball, location: 2F
0-1: Called Strike
0-2: Strikes out swinging
Batting: RHB Dan Fallon 0-0: Foul Ball, location: 2F
0-1: Ball
1-1: Ground out 6-3 (Groundball, 6, EV 79.4 MPH)
Batting: LHB Yasahiko Teshima 0-0: Ball
1-0: Called Strike
1-1: Called Strike
1-2: Strikes out swinging
Top of the 9th over - 0 runs, 0 hits, 0 errors, 0 left on base; Washington 7 - Atlanta 5
BOTTOM OF THE 9TH
Atlanta Braves batting - Pitching for Washington Nationals : RHP Manuel Romero
Pitching: LHP Jesus Gallegos
Batting: RHB Itsuo Egami 0-0: Foul Ball, location: 2F
0-1: Ground out 6-3 (Groundball, 56D, EV 88.8 MPH)
Pitching: LHP Chris Baran
Batting: SHB Brian Bagley 0-0: Called Strike
0-1: Swinging Strike
0-2: Foul Ball, location: 2F
0-2: Strikes out swinging
Pinch Hitting: RHB T.J. Jordan 0-0: Swinging Strike
0-1: Ground out 6-3 (Groundball, 6, EV 78.1 MPH)
Bottom of the 9th over - 0 runs, 0 hits, 0 errors, 0 left on base; Washington 7 - Atlanta 5
Thursday, March 31st , 2022 - OOTP Baseball 22.12 Build 89